 Dungeon Sprint DCSS version 0.29.1-15-g9cfb28693d (webtiles) character file.

Game seed: 16976502527045324499

4 fozzywoppz the Conjurer (level 1, -2/11 HPs)
             Began as an Octopode Conjurer on Mar 23, 2023.
             Slain by a white imp (4 damage)
             ... in the Dungeon (Sprint IX: "|||||||||||||||||||||||||||||").
             The game lasted 00:00:56 (175 turns).

fozzywoppz the Conjurer (Octopode Conjurer)          Turns: 175, Time: 00:00:57

Health: -2/11      AC:  1    Str:  6    XL:     1   Next: 70%
Magic:  0/3        EV: 13    Int: 20    God:
Gold:   0          SH:  0    Dex: 10    Spells: 3/4 levels left

rFire   . . .      SeeInvis .   (no weapon)
rCold   . . .      Faith    .   (no shield)
rNeg    . . .      Spirit   .   (helmet restricted)
rPois   .          Reflect  .   (no amulet)
rElec   .          Harm     .   (no ring)
rCorr   .          Rampage  .   (no ring)
Will    .....      NoTele   +   (no ring)
Stlth   +++.......              (no ring)
HPRegen 0.03/turn               (no ring)
MPRegen 0.08/turn               (no ring)
                                (no ring)
                                (no ring)

@: very slightly contaminated
A: almost no armour, amphibious, 8 rings, camouflage 1, gelatinous body 1,
(nimble swimmer 1), tentacles
a: no special abilities


You were in the Dungeon.
You visited 1 branch

Inventory:

Scrolls
 f - a scroll of blinking
Potions
 a - 3 potions of magic
 b - a potion of curing
 c - a potion of heal wounds
 d - a potion of haste
 e - a potion of berserk rage


   Skills:
 + Level 2.5 Dodging
 + Level 3.5 Stealth
 + Level 2.4 Spellcasting
 + Level 4.3 Conjurations


You had 3 spell levels left.
You knew the following spells:

 Your Spells              Type           Power      Damage    Failure   Level
a - Magic Dart            Conj           76%        1d6       2%          1

Your spell library contained the following spells:

 Spells                   Type           Power      Damage    Failure   Level
 Searing Ray              Conj           38%        2d5       3%          2
 Dazzling Flash           Conj/Hex       22%        N/A       19%         3
 Fulminant Prism          Conj/Hex       5%         3d7       52%         4
 Iskenderun's Mystic Bla  Conj/Tloc      11%        2d4       52%         4


Dungeon Overview and Level Annotations

Branches:
Dungeon (1/1)

Altars:


Innate Abilities, Weirdness & Mutations

You cannot wear most types of armour.
You are amphibious.
You can wear up to eight rings at the same time.
Your skin changes colour to match your surroundings (Stealth+).
Your rubbery body absorbs attacks. (AC +1, EV +1)
((You are camouflaged when in or above water. (Stealth+)))
You have tentacles for arms and can constrict up to eight enemies at once.


Message History

You tentacle-slap the frilled lizard.
You kill the frilled lizard!
There is an open door to the Dungeon here.
You see here a frilled lizard corpse.
You start resting.
Magic restored.
You start resting.
HP restored.
Okay, then.
Okay, then.
You open the door.
A white imp, an orc, a quokka and 2 iguanas come into view.
The orc shouts!
The iguana hisses angrily. x2; The white imp shouts!
Casting: Magic Dart (safe; 2% risk of failure)
Confirm with . or Enter, or press ? or * to list all spells.
Aiming: Magic Dart (safe; 2% risk of failure)
Press: ? - help, Shift-Dir - straight line, f - white imp
Aim: a white imp (100% to hit)
The magic dart hits the white imp but does no damage.
The white imp gestures at you. The puff of frost hits you.
Casting: Magic Dart (safe; 2% risk of failure)
Confirm with . or Enter, or press ? or * to list all spells.
Aiming: Magic Dart (safe; 2% risk of failure)
Press: ? - help, Shift-Dir - straight line, f/p - white imp
Aim: a white imp (100% to hit)
You miscast Magic Dart.
You are very lightly contaminated with residual magic.
Nothing appears to happen.
Casting: Magic Dart (safe; 2% risk of failure)
Confirm with . or Enter, or press ? or * to list all spells.
Aiming: Magic Dart (safe; 2% risk of failure)
Press: ? - help, Shift-Dir - straight line, f/p - white imp
Aim: a white imp (100% to hit)
The magic dart hits the white imp.
The white imp is moderately wounded.
The white imp hits you.
* * * LOW HITPOINT WARNING * * *
The white imp freezes you.
You die...

▓.▓
▓.▓
▓.▓
▓†▓
▓.▓
▓.▓
▓.▓
▓.▓
▓@▓
▓5▓
▓l▓
▓.▓
▓o▓
▓r▓
▓l▓
▓+▓


You could see 2 iguanas, a white imp, an orc and a quokka.

Vanquished Creatures
  A hobgoblin (D)
  A quokka (D)
  2 frilled lizards (D)
  A rat (D)
5 creatures vanquished.

Notes
Turn   | Place    | Note
-------+----------+-------------------------------------------
     0 | D        | fozzywoppz the Octopode Conjurer began the quest for the
                  | Orb.
     0 | D        | Reached XP level 1. HP: 11/11 MP: 3/3
   172 | D        | Noticed an iguana
   172 | D        | Noticed an iguana
   175 | D        | Slain by a white imp

Illustrated notes

Levels and vault maps discovered:
D:        linesprint [early_d, line_temple, items_1, d_10, items_2, lair_1,
          lair_end, items_3, orc_1, orc_end, items_4, d_15, swamp_1, shoals_1,
          snake_1, spider_1, d_20, vaults_1, items_5, swamp_end, shoals_end,
          snake_end, spider_end, vaults_end, d_27, items_6, zot_1, zot_end,
          crypt_end, forest_end, elf_end, slime_end, tomb_end, abyss_end,
          pan_hell_end]

Skill      XL: |  1 |
---------------+----+-----
Stealth        | 3 |  3.5
Dodging        | |  2.5
Spellcasting   | |  2.4
Conjurations   | |  4.3

Action                   || total
-------------------------++-------
Melee: Unarmed           ||     9
       Constrict         ||     3
       Tentacles         ||     2
 Cast: Magic Dart        ||     5
Dodge: Dodged            ||     5
